[Event "20th Delhi GM Open 2023"]
[Site "New Delhi"]
[Date "2023.03.29"]
[Round "9.9"]
[White "Sethuraman, S.P."]
[Black "Orozbaev, Eldiar"]
[Result "1-0"]
[ECO "C02"]
[WhiteElo "2639"]
[BlackElo "2313"]
[Annotator "TA"]
[PlyCount "99"]
[EventDate "2023.03.23"]
[EventType "swiss"]
[EventCountry "IND"]
[SourceTitle "playchess.com"]
[Source "ChessBase"]
[SourceQuality "1"]
[TimeControl "5400+30"]

1. e4 e6 2. d4 d5 3. e5 c5 4. c3 Nc6 5. Nf3 Qb6 6. a3 f6 7. Bd3 $1 {[%emt 0:00:13][%cal Bf1d3,Bd3c2,Bc2b3,Bb3a2][%mdl 32] The main line 7.Bd3 scores better than 7.b4.} fxe5 {[%emt 0:01:44] C02: French: Advance Variation.} 8. dxe5 c4 9. Bc2 g6 {[%emt 0:00:49] The position is equal.} 10. O-O Nh6 11. Nbd2 Ng4 12. b3 cxb3 ({Not} 12... Ncxe5 13. bxc4 Bg7 14. cxd5 $16) 13. Bxb3 {[%emt 0:00:59] And now c4 would win.} (13. Nxb3 {simplifies} Ngxe5 14. Nbd4 Nxd4 15. cxd4 Nc6 16. h4) 13... Bg7 ({Black should play} 13... Bc5) 14. c4 $1 $16 O-O (14... Bxe5 $2 15. Nxe5 Ngxe5 16. cxd5 exd5 17. Bxd5) 15. cxd5 Ncxe5 {[%emt 0:03:18] [#]} (15... Bxe5 16. dxe6 Bxa1 17. e7+ Kg7 18. exf8=R Kxf8 19. Nc4 $18) (15... exd5 $16 16. Bxd5+ Kh8) 16. Rb1 $146 ({Predecessor:} 16. dxe6 Bxe6 17. Rb1 Bxb3 18. Qxb3+ Qxb3 19. Rxb3 b6 20. h3 Nxf3+ 21. Nxf3 Nf6 22. Rd3 {½-½ Lebret,J (2096)-Ollier,P (2369) Avoine op 30th 2015 (2)}) 16... Kh8 {[%emt 0:12:44] [#]} 17. Ba2 Qa6 (17... Nxf3+ $2 18. gxf3 Qd8 19. fxg4 $18) 18. h3 Nxf3+ 19. Nxf3 Nf6 {[%emt 0:00:02] [#]} (19... Ne5 $2 20. Nxe5 exd5 21. Qxd5 $18) 20. dxe6 ({Only move:} 20. d6 $1 $18) 20... Bxe6 $16 21. Bxe6 Qxe6 22. Rxb7 {[%emt 0:00:06] Black must now prevent Ng5.} Rfd8 (22... Qd5 $16 23. Rc7 Rfc8 24. Rxc8+ Rxc8) 23. Rxa7 $18 {[%emt 0:08:31][%mdl 64] Deflection} Rac8 (23... Qd5 $142 24. Rxa8 Qxa8) 24. Qe1 Qxe1 25. Rxe1 Ra8 26. Rb7 Rab8 27. Rxb8 Rxb8 28. Bf4 Ra8 29. Bd6 Nd5 30. Rb1 Bf8 31. Bxf8 Rxf8 {[%emt 0:00:03][%mdl 4096] Endgame KRN-KRN} 32. Rb5 Nf4 33. h4 Ra8 34. Rb3 Rc8 (34... Ne6 $142 35. Re3 Ra6) 35. g3 Rc1+ 36. Kh2 Nd5 37. Kg2 Rc2 38. Nd4 Ra2 39. Ne6 Kg8 40. Rb8+ Kf7 41. Ng5+ Ke7 42. Rb7+ ({Don't do} 42. Nxh7 Rxa3 43. Rb5 Rd3 44. Rb7+ Ke8 $18) 42... Ke8 43. Rxh7 Ne3+ (43... Rxa3 {was called for.} 44. Nf7 Ra5) 44. Kf3 Nd1 (44... Nc4 45. Ne4 Rxa3+ 46. Kf4 Ra5) 45. Ne4 {[%emt 0:00:06] White is clearly winning.} Rxa3+ 46. Kf4 Ra5 47. Rg7 Rf5+ 48. Kg4 Re5 49. f3 Re6 50. Kg5 {[%emt 0:00:19] Weighted Error Value: White=0.06 (flawless) /Black=0.32} 1-0

[Event "20th Delhi GM Open 2023"]
[Site "New Delhi"]
[Date "2023.03.30"]
[Round "10.1"]
[White "Aravindh, Chithambaram VR."]
[Black "Pantsulaia, Levan"]
[Result "1-0"]
[ECO "A43"]
[WhiteElo "2607"]
[BlackElo "2597"]
[Annotator "TA"]
[PlyCount "75"]
[EventDate "2023.03.23"]
[EventType "swiss"]
[EventCountry "IND"]
[SourceTitle "playchess.com"]
[Source "ChessBase"]
[SourceQuality "1"]
[TimeControl "5400+30"]

1. d4 c5 2. d5 g6 3. e4 Bg7 4. Nc3 d6 5. Nf3 Nf6 6. Bb5+ Bd7 7. a4 Bxb5 8. axb5 O-O 9. O-O Nbd7 10. Qe2 {[%emt 0:14:05] 10.h3 is more fashionable. A43: Schmid Benoni.} Ne8 11. Bf4 Nc7 12. Rfd1 {[%emt 0:04:45] White has an edge.} Nb6 13. h3 Qd7 14. e5 f6 15. e6 Qe8 16. h4 {[%emt 0:00:57] [#]} f5 $146 {[%emt 0:18:26] White must now prevent ...Bxc3.} ({Predecessor:} 16... h6 17. g4 g5 18. Bg3 Qg6 19. h5 Qh7 20. Na4 f5 21. Nxb6 axb6 22. Rxa8 Rxa8 23. gxf5 Qxf5 {1-0 Deac,B (2683)-Brodowski,P (2450) Titled Tuesday intern op 28th Jun Late blitz 2022 (4)}) 17. Qd2 ({Don't go for} 17. Qe3 $2 Bxc3 18. Qxc3 Nbxd5 $17) (17. Rab1 $15) 17... Bxc3 $17 (17... Nxb5 $6 18. Nxb5 Qxb5 19. Rab1 $11) 18. bxc3 {[%emt 0:00:07][%cal Oc3c4] c4! is the strong threat.} Nbxd5 ({Much weaker is} 18... Nxb5 $6 19. Bh6 $11) (18... Qxb5 $17 {aiming for ...Qc4.} 19. h5 Nbxd5) 19. Bh6 $11 Rf6 20. c4 $36 {[%emt 0:01:12][%mdl 2048] White fights for an advantage.} Nb6 21. Qc3 Nxe6 22. Rxd6 $1 {[%emt 0:00:12][%mdl 64] [#] Deflection} Nd4 23. Nxd4 exd6 $17 ({Much worse is} 23... Rxd6 $6 24. Nxf5 Rf6 25. Nd6 $15) 24. Nf3 Rf7 25. Bc1 $1 {[%emt 0:07:47] [#]} h6 26. Bxh6 $11 Qe6 27. Re1 Qxc4 (27... Qf6 $1 $11 28. Qxf6 Rxf6) 28. Qd2 $14 Rf6 {[%emt 0:16:31][%mdl 8192] Loses the game.} (28... Qxb5 $2 29. Re6 Qb1+ 30. Kh2 $18) (28... Rd7 $14) 29. Re7 $18 {[%emt 0:03:15] Threatens to win with Bg7. White is clearly winning.} f4 30. Ng5 {[%emt 0:03:03] Intending Qe1 and mate.} Nd5 31. Re4 Qa2 32. Qe1 {[%emt 0:00:05] White wants to mate with Re8+.} Raf8 33. Re8 {[%emt 0:00:45][%mdl 64] Pin} Ne3 34. Bxf8 Rxf8 35. Rxf8+ Kxf8 36. fxe3 fxe3 37. Qxe3 Qc4 38. Qe4 {[%emt 0:01:39] Artfully played by Aravindh.   Weighted Error Value: White=0.14 (very precise) /Black=0.15 (very precise)} 1-0

[Event "20th Delhi GM Open 2023"]
[Site "New Delhi"]
[Date "2023.03.30"]
[Round "10.2"]
[White "Savchenko, Boris"]
[Black "Aleksandrov, Aleksej"]
[Result "1/2-1/2"]
[ECO "C54"]
[WhiteElo "2552"]
[BlackElo "2484"]
[Annotator "TA"]
[PlyCount "46"]
[EventDate "2023.03.23"]
[EventType "swiss"]
[EventCountry "IND"]
[SourceTitle "playchess.com"]
[Source "ChessBase"]
[SourceQuality "1"]
[TimeControl "5400+30"]

1. e4 e5 2. Nf3 Nc6 3. Bc4 Nf6 4. d3 Bc5 5. c3 d6 6. O-O h6 7. Nbd2 (7. b4 $5 Bb6 $8 8. Nbd2 $11) 7... O-O {[%emt 0:00:13] C54: Giuoco Piano: 4 c3 Nf6, main lines with 5 d4 and 5 d3.} 8. b4 Bb6 9. a4 {[%emt 0:00:10] 9.Re1 is the modern continuation.} a5 10. b5 Ne7 11. Bb3 Ng6 12. Nc4 Bg4 (12... Bc5 $11) 13. h3 Bh5 {[%emt 0:00:04] [#]} 14. Be3 $146 ({Of course not} 14. g4 $6 Nxg4 15. hxg4 Bxg4 $11) (14. d4 $14) ({Predecessor:} 14. Nxb6 cxb6 15. Be3 Qc8 16. d4 Qxc3 17. Rc1 Qb2 18. Re1 exd4 19. Bxd4 Qa3 20. Ra1 {1-0 Kluehs,I (901)-Gossing,M (762) GER-ch U10 Willingen 2015 (5)}) 14... Nh4 {[%emt 0:03:13] The position is equal.} 15. Nxb6 cxb6 16. g4 Nxg4 $1 17. Nxh4 (17. hxg4 $2 {perishes.} Bxg4 18. Nxh4 Bxd1 19. Rfxd1 Qxh4 $19) 17... Qxh4 18. hxg4 Bxg4 19. f3 $1 {[%emt 0:00:05][%cal Oe3f2] [#] Hoping for Bf2!} Qg3+ 20. Kh1 {[%emt 0:00:03][%cal Oa1a2] And now Ra2! would win.} Qh4+ 21. Kg1 {[%emt 0:00:03][%cal Oe3f2] Black must now prevent Bf2!} Qg3+ 22. Kh1 {[%emt 0:00:04][%cal Oa1a2] Threatens to win with Ra2!} Qh4+ 23. Kg1 {[%emt 0:00:04][%cal Oe3f2] [#] aiming for Bf2!} Qg3+ {[%emt 0:00:03] Weighted Error Value: White=0.10 (very precise) /Black=0.06 (flawless)} 1/2-1/2

[Event "20th Delhi GM Open 2023"]
[Site "New Delhi"]
[Date "2023.03.30"]
[Round "10.3"]
[White "Fedorov, Alexei"]
[Black "Paichadze, Luka"]
[Result "0-1"]
[ECO "B12"]
[WhiteElo "2477"]
[BlackElo "2515"]
[Annotator "TA"]
[PlyCount "40"]
[EventDate "2023.03.23"]
[EventType "swiss"]
[EventCountry "IND"]
[SourceTitle "playchess.com"]
[Source "ChessBase"]
[SourceQuality "1"]
[TimeControl "5400+30"]

1. e4 c6 2. d4 d5 3. e5 c5 4. dxc5 e6 5. a3 Bxc5 6. b4 {[%emt 0:00:20] B12: Caro-Kann: Advance Variation.} Be7 7. Qg4 g6 8. Nf3 {[%emt 0:01:27] The position is equal.} a5 9. b5 ({Much weaker is} 9. Bb5+ Bd7 10. Bxd7+ Nxd7 $15) 9... Nd7 10. Bd3 h5 11. Qf4 Nh6 12. O-O Nc5 {[%emt 0:08:44] [#]} 13. Be3 $146 ({Predecessor:} 13. Nc3 b6 14. Nd4 Bb7 15. Nc6 Bxc6 16. bxc6 Qc7 17. a4 Nf5 18. Ba3 Kf8 19. Rfd1 Qxc6 20. Bxf5 gxf5 {½-½ Colin,S (2437)-Ruefenacht,M (2510) olm19 final email 2016 [3]}) 13... b6 14. a4 Bb7 15. Nbd2 (15. Rd1 $11) 15... Nf5 (15... g5 $17 16. Qd4 (16. Nxg5 d4 $17) 16... Ng4) 16. Nd4 $2 {[%emt 0:15:02][%mdl 8192] [#]} (16. Bxf5 $11 gxf5 17. Rfd1) 16... Nxd3 $1 $19 17. cxd3 {[%emt 0:00:05] [#]} Nxd4 $1 18. Qxd4 Bc5 19. Qf4 {[%emt 0:00:03] Bxc5 is the strong threat.} d4 {[%emt 0:00:06] ...g5 would be deadly.} 20. Nc4 Qd5 {[%emt 0:02:44] Weighted Error Value: White=0.50/Black=0.05 (flawless)} (20... dxe3 $2 {too greedy.} 21. fxe3 O-O 22. Nd6 $19) 0-1

[Event "20th Delhi GM Open 2023"]
[Site "New Delhi"]
[Date "2023.03.30"]
[Round "10.4"]
[White "Madaminov, Mukhiddin"]
[Black "Sethuraman, S.P."]
[Result "0-1"]
[ECO "A45"]
[WhiteElo "2436"]
[BlackElo "2639"]
[Annotator "TA"]
[PlyCount "94"]
[EventDate "2023.03.23"]
[EventType "swiss"]
[EventCountry "IND"]
[SourceTitle "playchess.com"]
[Source "ChessBase"]
[SourceQuality "1"]
[TimeControl "5400+30"]

1. d4 Nf6 2. Nc3 e6 3. Bf4 Bb4 4. e3 c5 5. Nge2 cxd4 6. exd4 {[%emt 0:00:16] A45: Trompowsky Attack.} d5 7. a3 {[%emt 0:00:26] [#]} Ba5 $146 ({Predecessor:} 7... Bd6 8. Qd2 Nc6 9. Bxd6 Qxd6 10. g4 a6 11. h4 e5 12. g5 Ne4 13. Nxe4 dxe4 {1-0 Shaw,D-Tillotson,J ICCF FM/3473 email 2020}) 8. Qd3 {[%emt 0:02:28] The position is equal.} O-O 9. O-O-O Nbd7 10. Rg1 b5 11. Qxb5 Bc7 12. Qc6 Bxf4+ 13. Nxf4 Rb8 14. g3 Nb6 (14... Bb7 $11 15. Qa4 Qc7) 15. Bd3 Bb7 16. Qc5 Nbd7 17. Qxa7 Bc6 $1 {[%emt 0:06:48] Repels Qa4. ...Ra8 is the strong threat.} 18. Qa6 Qc7 19. Nb5 (19. Bf1 $1 $11) 19... Bxb5 $17 20. Bxb5 Rfc8 $36 {[%emt 0:02:40][%csl Gc8][%cal Rc7c2][%mdl 2048] Black is in control.} 21. c3 {[%emt 0:13:27] This move loses the game for White.} (21. Bd3 $17 {was worth a try.}) 21... Ra8 $19 22. Nxe6 Qb8 23. Qxa8 Qxa8 24. Bxd7 Nxd7 25. Nc5 Nb6 26. Rge1 Nc4 27. a4 $2 {[%emt 0:01:30] [#]} (27. Re2) 27... Rxc5 $1 {[%emt 0:05:27][%mdl 576] Remove Defender} 28. dxc5 Qxa4 29. Rxd5 {[%emt 0:04:42] Threatening mate with Rd8+.} h6 {[%emt 0:00:08] ...Qa1+ would be deadly.} ({And not} 29... Qa1+ 30. Kc2 Qa4+ 31. Kb1 $19) 30. Rd8+ Kh7 {[%emt 0:00:05] Strongly threatening ...Qa1+.} 31. Kb1 {[%emt 0:00:11] Against Qa1+} Qb5 32. Re2 Na3+ {[%emt 0:00:47][%mdl 64] [#] Discovered Attack} 33. Ka2 Qxe2 34. Kxa3 Qxf2 {[%emt 0:02:19][%mdl 4096] Endgame KQ-KR} 35. Rd4 Qxh2 36. b4 Qxg3 37. Kb3 h5 38. b5 h4 {[%emt 0:00:27] ( -> ...h3)} 39. b6 h3 40. c6 h2 41. c7 h1=Q (41... h1=B $2 42. c8=Q Qf3 43. Qd8 $18) 42. c8=Q Qb1+ 43. Ka4 Qxb6 44. Rb4 Qa7+ 45. Kb3 Qe7 (45... Qaf2 $142 46. Qc4 Qgh2 47. Ka3 f5 48. Qb3 Qd6 49. Qb1 Kg6 50. Qb3 Kh7 51. Qb1 Kg6 52. Qb3 Kh7) 46. Rb6 Qf3 47. Ka2 Qa7+ {[%emt 0:00:24] Weighted Error Value: White=0.75/Black=0.05 (flawless)} 0-1

[Event "20th Delhi GM Open 2023"]
[Site "New Delhi"]
[Date "2023.03.30"]
[Round "10.5"]
[White "Kobalia, Mikhail"]
[Black "Deepan Chakkravarthy J."]
[Result "1-0"]
[ECO "C02"]
[WhiteElo "2577"]
[BlackElo "2432"]
[Annotator "TA"]
[PlyCount "35"]
[EventDate "2023.03.23"]
[EventType "swiss"]
[EventCountry "IND"]
[SourceTitle "playchess.com"]
[Source "ChessBase"]
[SourceQuality "1"]
[TimeControl "5400+30"]

1. e4 e6 2. d4 d5 3. e5 c5 4. c3 Nc6 5. Nf3 f6 6. Bd3 fxe5 {[%emt 0:00:31] C02: French: Advance Variation.} 7. Nxe5 {[%emt 0:02:55] [#] Strongly threatening Qh5+.} Nxe5 8. dxe5 Qc7 (8... Ne7 $14) 9. Qh5+ $16 {[%emt 0:03:01] [#]} Kd8 $146 ({Predecessor:} 9... g6 10. Bxg6+ Kd8 11. O-O Bg7 12. Bg5+ Ne7 13. Bxe7+ Kxe7 14. Qg5+ Kd7 15. Bd3 c4 16. Qxg7+ Kc6 17. Qxh8 {1-0 Hofmann,P-Pongratz,P Oberpfalz-ch M2 2002}) 10. O-O (10. Bxh7 $2 g6 11. Qg5+ (11. Qxg6 $2 {too greedy.} Qxh7 12. Bg5+ Kc7 $19) 11... Be7 12. Qxg6 Qxe5+ 13. Kd1 Nf6 $19) (10. Bb5 $6 Bd7 11. Bxd7 Kxd7 $11) 10... Ne7 11. c4 (11. Bxh7 $2 g6 12. Qe2 (12. Qh4 $2 Qxe5 13. Bg5 Qg7 $19) 12... Rxh7 $19) 11... d4 {[%emt 0:04:18] Wards off Nc3} 12. Nd2 $36 {[%emt 0:00:20][%cal Bb1d2,Bd2e4,Be4d6][%mdl 2080] Hoping for Ne4. Keeping Black busy. White has more active pieces. The black rooks are badly placed.} (12. Bxh7 $2 {loses.} g6 13. Qh4 Qxe5 $19) 12... g6 (12... Bd7 $16) 13. Qh4 $18 {[%emt 0:04:54] Ne4 is the strong threat.} Bg7 (13... Qxe5 $142 14. Nf3 Qg7) 14. Ne4 {[%emt 0:01:06] Threatens to win with Nd6.} h6 15. Nd6 g5 {[%emt 0:01:26] [#]} 16. Bxg5 hxg5 17. Qxg5 Bh6 (17... Rg8 {keeps fighting.} 18. Bh7 Bxe5 19. Qxe5 (19. Bxg8 $2 Qxd6 20. f4 Bh8 $17) 19... Kd7) 18. Qf6 {[%emt 0:03:17][%mdl 64] Deflection. Black got outplayed after the opening.   Weighted Error Value: White=0.04 (flawless) /Black=0.56} 1-0

[Event "20th Delhi GM Open 2023"]
[Site "New Delhi"]
[Date "2023.03.30"]
[Round "10.6"]
[White "Mchedlishvili, Mikheil"]
[Black "Harsh Suresh"]
[Result "1/2-1/2"]
[ECO "B08"]
[WhiteElo "2569"]
[BlackElo "2261"]
[Annotator "TA"]
[PlyCount "96"]
[EventDate "2023.03.23"]
[EventType "swiss"]
[EventCountry "IND"]
[SourceTitle "playchess.com"]
[Source "ChessBase"]
[SourceQuality "1"]
[TimeControl "5400+30"]

1. e4 g6 2. d4 Bg7 3. Nf3 d6 4. Be2 Nf6 5. Nc3 O-O 6. O-O a6 7. Re1 b5 {[%emt 0:06:14] B08: Pirc Defence: Classical System.} 8. e5 dxe5 9. dxe5 Ng4 {[%emt 0:05:06] White is slightly better.} 10. Bf4 {[%emt 0:06:32] [#]} Bb7 $146 ({Predecessor:} 10... Nc6 11. Bd3 Bb7 12. h3 Nh6 13. Be4 Qc8 14. a4 b4 15. Nd5 Rd8 16. Qe2 Nf5 {1-0 Bocharov,D (2611)-Popov,I (2596) RUS-ch blitz 2016 (17.6)}) 11. h3 Qxd1 12. Raxd1 Nh6 {[%emt 0:00:35] Black is weak on the dark squares} 13. a4 b4 14. Nd5 Bxd5 15. Rxd5 e6 16. Rc5 Rc8 17. Rd1 (17. g4 $142) 17... Bf8 18. Rc4 {[%emt 0:00:08] White has more active pieces.} c5 19. g4 {[%emt 0:01:14] Wards off Nf5} Ra7 20. Re4 Kg7 21. Be3 {[%emt 0:00:19] This pair of bishops is nice.} Rac7 22. Nd2 Ng8 23. Nc4 Rd7 (23... Ne7 $16 {was necessary.}) 24. Rxd7 (24. Nd6 $18 Bxd6 25. exd6 (25. Rxd6 Rxd6 26. exd6 Nf6 $11)) 24... Nxd7 $16 25. Bf1 Ne7 26. Bd2 Nd5 27. a5 Nb8 28. c3 Nc6 29. Re1 bxc3 30. bxc3 Rb8 {[%emt 0:00:10] Inhibits Rb1.} 31. Bd3 Be7 32. Ra1 Bd8 33. f4 h6 34. Kf2 g5 35. f5 Bc7 36. fxe6 fxe6 37. Ra3 Rb5 ({But not} 37... Nxe5 38. Nxe5 Bxe5 39. Bxa6 $16) (37... Bxe5 $15 {is more appropriate.} 38. Nb6 (38. Nxe5 $2 Nxe5 39. Be2 Rb2 $19) 38... Bc7) 38. Ke1 $11 Nxa5 39. Nd6 Rb8 40. Bxa6 (40. Be4 {is more complex.} Bxd6 41. exd6 Nc4 42. Rxa6 Kf6 43. Rc6) 40... Nc6 41. Bb5 (41. Bc4 $15) 41... Bxd6 (41... Nxe5 $17 42. Ne8+ Kg8) 42. Bxc6 $15 Bxe5 43. Ra7+ Kf6 44. Bxd5 $1 exd5 45. Ra6+ Kg7 46. Ra7+ Kf6 {[%emt 0:00:41] White should prevent ...Bf4.} 47. Ra6+ Kg7 48. Ra7+ $1 Kf6 {[%emt 0:00:05] Blacks defense is rewarded with a draw.   Weighted Error Value: White=0.10 (very precise) /Black=0.11 (very precise)} ({Black should play} 48... Kf8 $15) 1/2-1/2

[Event "20th Delhi GM Open 2023"]
[Site "New Delhi"]
[Date "2023.03.30"]
[Round "10.7"]
[White "Murzin, Volodar"]
[Black "Anuj Shrivatri"]
[Result "1/2-1/2"]
[ECO "C65"]
[WhiteElo "2554"]
[BlackElo "2407"]
[Annotator "TA"]
[PlyCount "60"]
[EventDate "2023.03.23"]
[EventType "swiss"]
[EventCountry "IND"]
[SourceTitle "playchess.com"]
[Source "ChessBase"]
[SourceQuality "1"]
[TimeControl "5400+30"]

1. e4 e5 2. Nf3 Nc6 3. Bb5 Nf6 4. d3 Bc5 5. Nbd2 Nd4 6. Nxd4 {[%emt 0:02:00] C65: Ruy Lopez: Berlin Defence (3...Nf6), unusual lines and 4 0-0 Bc5.} Bxd4 7. Nf3 Bb6 8. O-O ({Don't play} 8. Nxe5 Qe7 9. Ng4 Qb4+ 10. c3 Qxb5 $17) 8... c6 9. Ba4 d6 10. h3 h6 11. c3 O-O 12. Bc2 Re8 13. Be3 Bc7 {[%emt 0:11:47] [#]} 14. Nd2 $146 ({Predecessor:} 14. Nh2 d5 15. f3 d4 16. cxd4 exd4 17. Bf2 Nh5 18. Re1 Qd6 19. Nf1 Qg6 20. Bxd4 Bxh3 {0-1 Stuart,J (1739)-Jongerius,M (1547) Guernsey Holiday op 2002 (6)}) 14... d5 {[%emt 0:01:07] And now ...d4 would win.} 15. Qf3 Be6 16. Rfe1 Qe7 17. Nf1 Rad8 18. Ng3 dxe4 19. dxe4 Bb6 20. Bb3 Kh7 21. Rad1 Bxb3 22. axb3 g6 (22... Rxd1 {simplifies} 23. Rxd1 g6 24. Bxb6 axb6 25. Qd3 b5) 23. Nf1 Rxd1 24. Rxd1 Rd8 25. Rxd8 Qxd8 26. Nd2 Kg7 27. Kh2 Bxe3 28. Qxe3 {[%emt 0:00:03] The position is equal.} Qb6 29. Qxb6 axb6 30. Kg3 b5 {[%emt 0:00:10] Not much happened in this game.   Weighted Error Value: White=0.05 (flawless) /Black=0.04 (flawless)} 1/2-1/2

[Event "20th Delhi GM Open 2023"]
[Site "New Delhi"]
[Date "2023.03.30"]
[Round "10.8"]
[White "Viani Antonio Dcunha"]
[Black "Lalit Babu M R"]
[Result "1/2-1/2"]
[ECO "D38"]
[WhiteElo "2386"]
[BlackElo "2544"]
[Annotator "TA"]
[PlyCount "165"]
[EventDate "2023.03.23"]
[EventType "swiss"]
[EventCountry "IND"]
[SourceTitle "playchess.com"]
[Source "ChessBase"]
[SourceQuality "1"]
[TimeControl "5400+30"]

1. d4 Nf6 2. c4 e6 3. Nc3 d5 4. Nf3 Bb4 5. Qa4+ Nc6 6. e3 O-O 7. Qc2 {[%emt 0:01:15] D38: Queen's Gambit Declined: Ragozin Defence (4 Nf3 Bb4).} Re8 8. Bd2 h6 9. a3 Bf8 10. Rd1 a6 11. b4 {[%emt 0:14:24][%cal Bb2b4,Bb4b5][%mdl 32] [#]} b6 $146 ({Predecessor:} 11... Bd7 12. h3 dxc4 13. Bxc4 b5 14. Bd3 a5 15. Nxb5 axb4 16. a4 e5 17. dxe5 Nxe5 18. Nxe5 Rxe5 {0-1 Pujari,R (2109)-Nguyen,V (2445) Chennai op 7th 2014 (1)}) 12. Bd3 Bb7 13. O-O a5 14. b5 Nb8 15. a4 c5 16. cxd5 exd5 17. Ne5 Nbd7 18. Nc6 Qc7 19. e4 dxe4 20. Nxe4 Bxc6 21. bxc6 Qxc6 22. Nxf6+ Qxf6 23. Bb5 Red8 24. Bc3 Qg5 25. Rd3 cxd4 26. Bxd4 Nc5 27. Rg3 Qh4 (27... Qd5 $5 28. Rg4 Rac8 $11) 28. Be3 {[%emt 0:03:44] This pair of bishops is nice.} Qe4 29. Qa2 Bd6 (29... Rd6 {simplifies} 30. Bxc5 bxc5 31. Bc4 Ra7) 30. Rf3 Ra7 $36 {[%emt 0:01:18][%mdl 2048] White is under pressure.} 31. Rb1 Be5 32. Bc4 Bf6 33. Rf4 Qc6 34. h4 Rad7 35. Qe2 {[%emt 0:01:07] Wards off Rd1+} (35. Bb5 $15 Rd1+ 36. Kh2) 35... Rd6 (35... Nxa4 $17 {White must now prevent ...Nc3.} 36. Qc2 Kh8) 36. Qg4 (36. Qh5 $11 {remains equal.}) 36... Qc7 (36... Qxa4 $2 37. Bxf7+ Kxf7 38. Rxa4 $18) (36... Nxa4 $17 37. Bxf7+ Kxf7 38. Rxa4 Kg8) 37. Rf5 Qd7 38. Qg6 $2 (38. g3 $11) 38... Kf8 $2 (38... Qxa4 39. Qxf7+ Kh8 40. Bxh6 $18) (38... Nxa4 39. Bxh6 Qc7 40. Qg4 $11) (38... Ne6 $1 $19 39. Qg4 Nd4) 39. Qh7 $11 Rd1+ (39... Nxa4 $2 40. Re1 $18) 40. Rxd1 $2 (40. Kh2 $1 $11 {and White stays safe.} Ne6 41. Bxe6 (41. Rxb6 $2 Qc7+ 42. f4 Qxc4 $19) (41. Rxd1 Qxd1 42. g3 Ke7 $14) 41... Qxe6 42. Bxb6 (42. Rxb6 Be5+ 43. g3 Qd5 $11)) 40... Qxd1+ $19 41. Kh2 Qg4 $1 42. Rxc5 Qxh4+ (42... bxc5 43. Bxc5+) 43. Kg1 Rd1+ (43... bxc5 {leads to mate.} 44. Bxc5+) 44. Bf1 bxc5 45. Bxc5+ Ke8 46. Qg8+ Kd7 47. Qxf7+ Kc6 $1 48. Be3 {[%emt 0:00:43] [#]} Qe4 {[%emt 0:00:26] Dodges Qe8+} 49. Qb3 Rb1 50. Qg8 Kd7 (50... Qxa4 $2 51. Qe8+ Kd6 52. Qxa4 $18) 51. Qf7+ Kd6 (51... Be7 $19 {Hoping for ...Qd3.} 52. Qh5 Ke6) 52. Qf8+ {[%emt 0:00:15] [#]} ({Better is} 52. g3 $15) 52... Ke6 $1 $17 53. Qg8+ (53. g3 $17) 53... Kf5 $19 54. Qc8+ Kg6 55. Qa6 Ra1 (55... Qxa4 $2 56. Qd3+ Kf7 57. Qxb1 $18) 56. g3 Qxa4 $2 (56... Kh7 $19 57. Kh2 Qd5) 57. Qd3+ $11 Kf7 58. Qd5+ Kg6 {[%emt 0:00:27] ...Rd1 would be deadly.} 59. Qd3+ Kf7 {[%emt 0:00:48] ...Rd1 is the strong threat.} 60. Qd5+ Ke8 61. Qe6+ Be7 62. Qg8+ ({Don't go for} 62. Bc5 $2 Rxf1+ 63. Kh2 (63. Kg2 $2 Re1 $19) 63... Rxf2+ 64. Bxf2 Qd7 $19) 62... Kd7 {[%emt 0:00:09] Threatens to win with ...Qb5.} 63. Qd5+ Ke8 64. Qg8+ Kd7 {[%emt 0:00:22] And now ...Qb5 would win.} 65. Qd5+ Bd6 66. Qf7+ Kc6 {[%emt 0:00:30][%cal Oa1f1] aiming for ...Rxf1+!} 67. Qxg7 Rxf1+ 68. Kxf1 {[%emt 0:00:02][%mdl 4096] Endgame KQB-KQB. The position is equal.} Qd1+ 69. Kg2 Qd5+ 70. Kh2 a4 71. Qa7 {[%emt 0:00:30] White threatens Qa8+ and mate. The board is on fire.} Kb5 72. Qd7+ Kb4 73. Bf4 Qh5+ 74. Kg2 Bxf4 75. Qd4+ Kb5 76. Qd7+ Kc5 {[%emt 0:01:21] ( -> ...Qd5+)} 77. Qa7+ Kb5 78. Qd7+ $1 Kb6 79. Qe6+ Ka5 (79... Kc5 $5 80. Qc8+ Kd4 81. gxf4 a3 82. Qh8+ Kc4 83. Qc8+ Kd4 84. Qh8+ Kc4 85. Qc8+ Qc5 86. Qa6+ Kc3 $17) 80. gxf4 a3 81. Qe1+ Kb5 82. Qb1+ Ka5 {[%emt 0:00:25] Strongly threatening ...Qg4+.} 83. Qe1+ {[%emt 0:00:17] And White is the lucky defender.   Weighted Error Value: White=0.29 (precise) /Black=0.28 (precise)} 1/2-1/2